 Dungeon Crawl Stone Soup version 0.23.2-1-ga50397a (webtiles) character file.

Game seed: 14692317679557700102

166005 spiff the Spry (level 18, 0/120 HPs)
             Began as a Halfling Skald on Apr 26, 2019.
             Was a High Priest of Dithmenos.
             Succumbed to a sea snake's poison
             ... on level 4 of the Shoals on May 5, 2019.
             The game lasted 02:23:18 (55018 turns).

spiff the Spry (Halfling Skald)                    Turns: 55018, Time: 02:23:20

Health: 0/120      AC: 19    Str: 19    XL:     18   Next: 52%
Magic:  19/30      EV: 25    Int: 14    God:    Dithmenos [*****.]
Gold:   2727       SH:  0    Dex: 16    Spells: 23/33 levels left

rFire    . . .     SeeInvis +   a - +3 scimitar (venom)
rCold    . . .     Gourm    .   (shield restricted)
rNeg     . . .     Faith    .   V - +5 ring mail of the Equator {+Fly}
rPois    .         Spirit   .   w - +0 helmet
rElec    .         Reflect  .   z - +2 cloak {MR+}
rCorr    .         Harm     .   Q - +0 pair of gloves
MR       ++...                  C - +0 pair of boots
Stlth    +.........             (no amulet)
HPRegen  0.30/turn              f - +4 ring of strength
MPRegen  0.22/turn              t - ring of see invisible

@: lethally poisoned (0 -> -67), very slightly contaminated, wreathed by umbra
A: small, mutation resistance 1
a: Shadow Step, Shadow Form, Renounce Religion, Evoke Flight


You were on level 4 of the Shoals.
You worshipped Dithmenos.
Dithmenos was extremely pleased with you.
You were near starving.

You visited 6 branches of the dungeon, and saw 31 of its levels.

You collected 2760 gold pieces.
You spent 33 gold pieces at shops.

Inventory:

Hand Weapons
 a - a +3 scimitar of venom (weapon)
 b - a +1 fustibalus of flaming
Missiles
 i - 627 stones
 F - 6 throwing nets (quivered)
 R - 225 sling bullets
Armour
 w - a +0 helmet (worn)
 z - a +2 cloak of magic resistance (worn)
 C - a +0 pair of boots (worn)
 E - a +0 buckler
 Q - a +0 pair of gloves (worn)
 U - a +1 chain mail of poison resistance
 V - the +5 ring mail of the Equator (worn) {+Fly}
   (You found it on level 3 of the Lair of Beasts)

   It lets you fly.
Jewellery
 f - a +4 ring of strength (left hand)
 t - a ring of see invisible (right hand)
 H - an uncursed ring of resist corrosion
 W - an uncursed ring of protection from cold
 Y - a +2 ring of strength
Wands
 A - a wand of acid (1)
 J - a wand of random effects (26)
 M - a wand of polymorph (9)
 O - a wand of enslavement (26)
 P - a wand of disintegration (17)
 S - a wand of flame (50)
 T - a wand of iceblast (4)
 X - a wand of paralysis (17)
 Z - a wand of scattershot (2)
Scrolls
 k - 13 scrolls of remove curse
 l - 5 scrolls of fear
 n - 3 scrolls of fog
 r - 6 scrolls of enchant armour
 x - 4 scrolls of identify
 D - 2 scrolls of magic mapping
 K - 3 scrolls of teleportation
 L - a scroll of amnesia
Potions
 c - 4 potions of agility
 e - 7 potions of haste
 g - 6 potions of lignification
 h - 4 potions of curing
 j - 3 potions of berserk rage
 o - 4 potions of flight
 p - 6 potions of brilliance
 q - 4 potions of might
 v - 2 potions of magic
 y - a potion of ambrosia {unknown}
 B - 5 potions of cancellation
 G - 2 potions of invisibility
 N - 2 potions of heal wounds
Miscellaneous
 I - a lamp of fire (inert)
Comestibles
 d - 36 rations


   Skills:
 - Level 10.0 Fighting
 - Level 14.0 Long Blades
 - Level 14.3 Slings
 - Level 8.7 Armour
 - Level 15.0 Dodging
 - Level 8.0 Spellcasting
 - Level 5.0 Hexes
 - Level 10.0 Charms
 - Level 4.0 Translocations
 - Level 5.0 Invocations
 + Level 8.6 Evocations


You had 23 spell levels left.
You knew the following spells:

 Your Spells              Type           Power        Failure   Level  Hunger
a - Spectral Weapon       Hex/Chrm       ####....     2%          3    ##.....
b - Shroud of Golubria    Chrm/Tloc      ####......   1%          2    None
c - Regeneration          Chrm/Necr      ###.......   8%          3    ##.....
d - Blink                 Tloc           N/A          6%          2    None

Your spell library contained the following spells:

 Spells                   Type           Power        Failure   Level  Hunger
 Infusion                 Chrm           ####         1%          1    None
 Song of Slaying          Chrm           ####....     1%          2    None
 Corona                   Hex            ###....      2%          1    None
 Slow                     Hex            ###.....     3%          2    None
 Confuse                  Hex            ###.....     8%          3    ##.....
 Tukima's Dance           Hex            ###.....     8%          3    ##.....
 Ensorcelled Hibernation  Hex/Ice        ##....       11%         2    None
 Animate Skeleton         Necr           N/A          21%         1    None
 Magic Dart               Conj           #...         21%         1    None
 Pain                     Necr           #...         21%         1    None
 Sandblast                Erth           #.....       21%         1    None
 Sting                    Conj/Pois      #...         21%         1    None
 Dazzling Spray           Conj/Hex       ##....       22%         3    ##.....
 Recall                   Summ/Tloc      N/A          26%         3    ##.....
 Call Imp                 Summ           #.......     30%         2    None
 Passwall                 Tmut/Erth      #.......     30%         2    None
 Poisonous Vapours        Pois/Air       #.....       30%         2    None
 Conjure Flame            Conj/Fire      #.......     52%         3    ##.....
 Mephitic Cloud           Conj/Pois/Air  #.......     52%         3    ##.....
 Stone Arrow              Conj/Erth      #.....       52%         3    ##.....
 Vampiric Draining        Necr           #.........   52%         3    ##.....
 Animate Dead             Necr           N/A          89%         4    ####...
 Olgreb's Toxic Radiance  Pois           #.......     89%         4    ####...
 Petrify                  Tmut/Erth      #.......     89%         4    ####...
 Borgnjor's Vile Clutch   Necr/Erth      #.........   99%         5    #####..
 Lee's Rapid Deconstruct  Erth           #.........   99%         5    #####..
 Venom Bolt               Conj/Pois      #.........   99%         5    #####..
 Death Channel            Necr           #.........   100%        6    #######
 Simulacrum               Ice/Necr       #.........   100%        6    #######


Dungeon Overview and Level Annotations

Branches:
Dungeon (15/15)            Temple (1/1) D:4            Lair (6/6) D:10
 Shoals (4/4) Lair:4       Spider (3/4) Lair:2        Slime (0/5) Lair:6
    Orc (2/2) D:12            Elf (0/3) Orc:2        Vaults (0/5) D:14
 Depths (0/5) D:15

Altars:
Ashenzari
Dithmenos
Fedhas
Gozag
Makhleb
Qazlal
Ru
Sif Muna
Trog
Uskayaw
Vehumet
Wu Jian
Xom
Yredelemnul
Zin
The Shining One
Beogh

Shops:
D:5 }   D:6 [   D:7 *   D:8 *:   D:9 [   Orc:2 *!*?!

Annotations:
D:4 Menkaure
D:8 Erica
D:9 2 transporters, Chkropok's ghost, novice HOMo
D:10 exclusion: oklob sapling
Lair:3 exclusion: 2 oklob plants
Spider:2 exclusion: Roxanne, Roxanne
Orc:1 2 transporters


Innate Abilities, Weirdness & Mutations

You are small and have problems with some larger weapons.
You are somewhat resistant to further mutation.


Message History

You blink.
Splash!
You fall into the shallow water.
Moving in this stuff is going to be slow.
A manticore comes into view.
* * * LOW HITPOINT WARNING * * *
You feel extremely sick.
The merfolk siren chants its luring song.
Blink to where?
Press: ? - help, Dir - move target cursor You are very lightly contaminated with residual magic.
As you read the scroll of blinking, it crumbles to dust.
You break out of your daze!
* * * LOW HITPOINT WARNING * * *
You feel very sick.
The manticore flicks its tail.
The volley of spikes misses your spectral weapon.
The volley of spikes misses you.
Your skin stops crawling.
You die...

≈≈≈≈≈≈≈≈≈≈≈≈≈≈.#
≈≈≈≈≈≈≈≈≈≈H≈≈≈≈##
≈≈≈≈≈≈≈≈≈≈≈≈≈≈≈≈≈#####≈
≈≈≈≈≈≈≈≈≈≈≈≈≈≈≈≈≈≈≈≈≈≈≈≈
≈≈≈≈≈≈≈...≈≈§≈≈≈≈≈≈≈≈.≈≈
≈≈≈≈≈≈.....≈≈≈.≈≈≈≈≈≈...
≈≈≈≈≈.....(...≈≈≈≈≈≈≈..
≈≈≈≈≈......(....≈≈≈≈≈..
≈≈≈≈≈..H...(@....≈≈##+#
≈≈≈≈≈.†HS....(....##
≈≈≈≈##†##.........#
≈≈.##Hm ##........# #...
#......PP# #..|
#.≈≈≈≈...## #...
#≈≈≈≈≈..≈≈## ##..
##≈≈)..≈≈≈P....
#####≈≈≈≈≈≈≈≈≈≈≈...


You could see a sea snake, 3 manticores and a friendly spectral +3 scimitar of
venom.

Vanquished Creatures
  Jorgrun (D:14)
  Agnes (Spider:1)
  Ilsuiw (Shoals:3)
  A ghost moth (Spider:2)
  Louise (Spider:1)
  2 entropy weavers
  A stone giant (Orc:2)
  A dire elephant (Lair:6)
  A merfolk javelineer (Shoals:1)
  2 merfolk impalers (Shoals:2)
  5 hydras
  A catoblepas (Lair:6)
  2 merfolk avatars
  4 ogre magi (Orc:2)
  A centaur warrior (D:13)
  5 death yaks
  16 two-headed ogres
  A deep troll shaman (Lair:6)
  2 satyrs
  A tengu warrior (D:13)
  Sonja (Orc:2)
  A fire crab (Lair:5)
  5 sea snakes
  5 skeletal warriors
  An unseen horror (D:14)
  2 wizards (D:14)
  Pikel (D:4)
  9 harpies
  An orc knight (Orc:2)
  9 orb spiders
  A necromancer (D:14)
  An orc sorcerer (Orc:1)
  3 wolf spiders
  A deep elf mage (D:15)
  14 ugly things
  14 elephants
  14 fauns
  10 manticores
  4 slime creatures (D:15)
  4 cyclopes
  4 centaur zombies
  Joseph (D:9)
  6 merfolk sirens
  3 black mambas
  3 water nymphs
  A torpor snail (Spider:2)
  A gargoyle (D:10)
  Maurice (D:8)
  Psyche (D:11)
  7 spiny frogs
  A rime drake (Lair:4)
  9 komodo dragons
  5 demonic crawlers
  A tengu conjurer (D:14)
  9 trolls
  19 jumping spiders
  5 polar bears
  2 wind drakes (Shoals:2)
  11 merfolk
  2 hornets
  A wolf spider simulacrum (D:15)
  A harpy skeleton (D:14)
  8 snapping turtles
  13 blink frogs
  22 dream sheep
  26 redbacks
  A spriggan (D:8)
  8 hippogriffs
  13 tarantellas
  4 water elementals
  Sigmund (D:2)
  2 shadows
  5 wyverns
  62 yaks
  Eustachio (D:6)
  3 basilisks
  A steam dragon (D:12)
  2 vampire mosquitoes (D:13)
  2 wraiths
  A warg (Orc:2)
  14 water moccasins
  An acid dragon (D:13)
  Duvessa (D:4)
  A hornet zombie (D:14)
  12 orc warriors
  10 porcupines
  2 ice beasts
  2 slaves (D:4)
  3 black bears (D:10)
  A necrophage (D:5)
  2 sky beasts
  An eye of draining (D:13)
  35 ogres
  5 phantoms
  8 centaurs
  8 crocodiles
  13 wolves
  12 bullfrogs
  Dowan (D:4)
  5 scorpions
  A wyvern skeleton (D:10)
  7 killer bees
  7 wights
  2 howler monkeys (D:11)
  5 electric eels
  3 crimson imps
  A bullfrog zombie (D:6)
  19 orc wizards
  5 jellies
  Crazy Yiuf (D:3)
  16 orc priests
  7 hounds
  Jessica (D:2)
  Ijyb (D:3)
  Terence (D:2)
  5 iguanas
  7 worker ants
  A hound zombie (D:5)
  3 hound skeletons (D:4)
  A howler monkey zombie (D:6)
  Robin (D:2)
  A howler monkey skeleton (D:7)
  4 gnolls (D:6)
  11 adders
  4 shadow imps
  2 oozes
  An adder skeleton (D:4)
  A worm (D:4)
  4 dart slugs
  4 leopard geckos
  58 orcs
  5 ball pythons (D:10)
  8 giant cockroaches
  10 hobgoblins
  4 jackals
  7 quokkas
  8 bats
  4 frilled lizards
  13 goblins
  A jackal skeleton (D:4)
  7 kobolds
  A leopard gecko zombie (D:6)
  A quokka skeleton (D:6)
  3 rats
  A plant (Shoals:2)
  A spectral weapon (Orc:2)
816 creatures vanquished.

Vanquished Creatures (collateral kills)
  An orc sorcerer (Orc:2)
  An orc (Orc:2)
2 creatures vanquished.

Vanquished Creatures (others)
  A merfolk (Shoals:3)
  An orc wizard (D:11)
  A bush (Lair:6)
  60 fungi
  38 plants
  74 spectral weapons
175 creatures vanquished.

Grand Total: 993 creatures vanquished

Notes
Turn   | Place    | Note
-------+----------+-------------------------------------------
     0 | D:1      | spiff the Halfling Skald began the quest for the Orb.
     0 | D:1      | Reached XP level 1. HP: 14/14 MP: 3/3
   335 | D:1      | Reached XP level 2. HP: 19/19 MP: 0/4
   446 | D:1      | Learned a level 2 spell: Shroud of Golubria
   840 | D:2      | Noticed Robin
   997 | D:2      | Noticed Jessica
  1003 | D:2      | Reached XP level 3. HP: 20/24 MP: 5/5
  1011 | D:2      | Killed Jessica
  1011 | D:2      | Reached XP level 4. HP: 25/29 MP: 0/6
  1069 | D:2      | Learned a level 3 spell: Regeneration
  1161 | D:2      | Noticed Sigmund
  1523 | D:2      | Noticed Terence
  1544 | D:2      | Killed Terence
  1694 | D:2      | Reached skill level 3 in Dodging
  1774 | D:2      | Reached XP level 5. HP: 35/35 MP: 8/8
  2002 | D:2      | Killed Robin
  2143 | D:3      | Noticed Ijyb
  2153 | D:3      | Killed Ijyb
  2469 | D:3      | Reached XP level 6. HP: 41/41 MP: 9/9
  2476 | D:3      | Found a stormy altar of Qazlal.
  2531 | D:3      | Found a runed translucent door.
  2532 | D:3      | Noticed Crazy Yiuf
  3144 | D:4      | Found a staircase to the Ecumenical Temple.
  3164 | D:4      | Noticed Pikel
  3398 | D:4      | Noticed a phantom
  3595 | Temple   | Entered the Ecumenical Temple
  3611 | Temple   | Became a worshipper of Dithmenos the Shadowed
  3830 | D:4      | Noticed a slave
  3834 | D:4      | Noticed a slave
  3853 | D:4      | Killed a slave
  3877 | D:4      | Noticed a slave
  3898 | D:4      | Killed a slave
  4125 | D:4      | Found a blossoming altar of Fedhas.
  4159 | D:4      | Noticed Duvessa
  4225 | D:4      | Learned a level 3 spell: Spectral Weapon
  4388 | D:4      | Killed Duvessa
  4388 | D:4      | Reached XP level 7. HP: 32/46 MP: 5/10
  4427 | D:4      | Noticed Dowan
  4848 | D:4      | Noticed Menkaure
  4886 | D:4      | Killed Pikel
  4886 | D:4      | Reached skill level 4 in Dodging
  4886 | D:4      | Reached skill level 1 in Hexes
  4886 | D:4      | Reached skill level 5 in Charms
  4886 | D:4      | Reached XP level 8. HP: 48/54 MP: 5/12
  4938 | D:5      | Entered Level 5 of the Dungeon
  4949 | D:5      | Found Viqium's Gadget Emporium.
  5282 | D:5      | Found a glowing silver altar of Zin.
  5487 | D:5      | Reached skill level 5 in Dodging
  5635 | D:5      | Found a burning altar of Makhleb.
  5750 | D:5      | Reached skill level 5 in Long Blades
  5893 | D:5      | Found a bloodstained altar of Trog.
  5999 | D:3      | Reached XP level 9. HP: 44/59 MP: 9/13
  6244 | D:2      | Killed Sigmund
  6244 | D:2      | Reached skill level 5 in Fighting
  6437 | D:3      | Killed Crazy Yiuf
  6437 | D:3      | Reached skill level 6 in Dodging
  6672 | D:4      | Killed Dowan
  6737 | D:6      | Found Ivibo's Armour Shoppe.
  7000 | D:6      | Reached * piety under Dithmenos
  7013 | D:6      | Reached skill level 1 in Slings
  7638 | D:6      | Noticed Eustachio
  7661 | D:6      | Killed Eustachio
  7661 | D:6      | Reached skill level 7 in Dodging
  8039 | D:7      | Found Isus's Assorted Antiques.
  8248 | D:7      | Reached XP level 10. HP: 27/65 MP: 14/14
  8467 | D:7      | Reached skill level 5 in Slings
  9061 | D:8      | Noticed Erica
  9092 | D:8      | Found a shattered altar of Ashenzari.
  9102 | D:8      | Found an opulent altar of Gozag.
  9366 | D:8      | Reached skill level 8 in Dodging
  9599 | D:8      | Found Womah's Lightly-Used Armoury.
  9648 | D:8      | Noticed Maurice
  9684 | D:8      | Killed Maurice
  9768 | D:8      | Found a hide-covered altar of Uskayaw.
  9771 | D:8      | Found a sacrificial altar of Ru.
  9937 | D:8      | Found Vuaffuam's Book Boutique.
 10376 | D:9      | Found a transporter.
 10380 | D:9      | Found a transporter.
 10381 | D:9      | Noticed Chkropok's ghost (novice HOMo)
 10924 | D:9      | Found Yshri Leu's Armour Emporium.
 11505 | D:9      | Learned a level 2 spell: Blink
 11525 | D:9      | Reached skill level 1 in Translocations
 12408 | D:10     | Entered Level 10 of the Dungeon
 12408 | D:10     | Noticed Joseph
 12437 | D:9      | Killed Joseph
 12437 | D:9      | Reached skill level 5 in Spellcasting
 12437 | D:9      | Reached XP level 11. HP: 70/70 MP: 18/18
 13635 | D:10     | Found a staircase to the Lair.
 13642 | D:10     | Reached ** piety under Dithmenos
 13972 | D:9      | Reached skill level 10 in Long Blades
 16247 | D:10     | Found a blossoming altar of Fedhas.
 16322 | Lair:1   | Entered Level 1 of the Lair of Beasts
 17437 | Lair:2   | Identified a scroll of acquirement
 17438 | Lair:2   | Got a translucent scimitar
 17439 | Lair:2   | Identified the +8 scimitar "Ripoedub" {antimagic, *Corrode
                  | *Drain rElec rN+++} (You acquired it on level 2 of the Lair
                  | of Beasts)
 17765 | Lair:2   | Reached *** piety under Dithmenos
 17951 | Lair:2   | Reached XP level 12. HP: 62/76 MP: 19/19
 17952 | Lair:2   | Reached skill level 10 in Slings
 18332 | Lair:2   | Found a hole to the Spider Nest.
 18582 | Lair:3   | Got a transparent ring mail
 18782 | Lair:3   | Identified the +5 ring mail of the Equator {+Fly} (You
                  | found it on level 3 of the Lair of Beasts)
 21889 | Lair:4   | Reached skill level 9 in Dodging
 22364 | Lair:2   | Reached XP level 13. HP: 54/83 MP: 20/20
 24421 | Lair:4   | Found a staircase to the Shoals.
 24929 | Lair:4   | Reached skill level 10 in Dodging
 25409 | Lair:5   | Noticed a seven-headed hydra
 25455 | Lair:5   | Killed a seven-headed hydra
 25524 | Lair:5   | Noticed a six-headed hydra
 25723 | Lair:5   | Reached **** piety under Dithmenos
 26250 | Lair:6   | Entered Level 6 of the Lair of Beasts
 26495 | Lair:6   | Noticed a four-headed hydra
 28359 | D:11     | HP: 2/88 [orc priest/divine providence (15)]
 28363 | D:11     | Reached XP level 14. HP: 24/94 MP: 19/22
 28648 | D:11     | Noticed Psyche
 28656 | D:11     | Killed Psyche
 30404 | D:12     | Reached ***** piety under Dithmenos
 30467 | D:12     | Found a staircase to the Orcish Mines.
 30491 | D:12     | Found a roughly hewn altar of Beogh.
 31032 | Orc:1    | Entered Level 1 of the Orcish Mines
 31117 | Orc:1    | Found a transporter.
 31122 | Orc:1    | Noticed an orc warlord
 31124 | Orc:1    | Found a roughly hewn altar of Beogh.
 31124 | Orc:1    | Found a transporter.
 31252 | Orc:2    | Entered Level 2 of the Orcish Mines
 31373 | Orc:2    | Noticed a stone giant
 31409 | Orc:2    | Killed a stone giant
 31690 | Orc:2    | Noticed Sonja
 31699 | Orc:2    | Killed Sonja
 32067 | Orc:2    | Reached skill level 5 in Hexes
 33978 | Orc:2    | Reached skill level 10 in Charms
 34661 | Orc:2    | Reached skill level 10 in Fighting
 34815 | Orc:2    | Reached XP level 15. HP: 94/103 MP: 19/24
 35011 | Orc:2    | Reached skill level 11 in Dodging
 35113 | Orc:2    | Found Diremoam's Distillery.
 35113 | Orc:2    | Found Usiyz's Magic Scroll Shoppe.
 35114 | Orc:2    | Found Caquiclo's Assorted Antiques.
 35114 | Orc:2    | Found Tyibb's Distillery.
 35381 | Orc:2    | Reached skill level 5 in Armour
 35398 | Orc:2    | Found Wuywaf's General Store.
 35443 | Orc:2    | Bought a scroll of teleportation for 33 gold pieces
 35467 | Orc:2    | Reached XP level 16. HP: 104/109 MP: 25/25
 35482 | Orc:2    | Found a staircase to the Elven Halls.
 36698 | Lair:6   | Reached skill level 12 in Dodging
 37652 | Lair:6   | Reached skill level 13 in Dodging
 38926 | Lair:6   | Found a staircase to the Slime Pits.
 39202 | D:13     | Reached ****** piety under Dithmenos
 39299 | D:13     | Reached skill level 1 in Invocations
 39303 | D:13     | Reached skill level 1 in Evocations
 40078 | D:14     | Found a blossoming altar of Fedhas.
 40151 | D:13     | Reached skill level 14 in Dodging
 40532 | D:14     | Reached XP level 17. HP: 60/115 MP: 26/26
 40810 | D:14     | Found a gate to the Vaults.
 41112 | D:14     | Noticed Jorgrun
 41131 | D:14     | Killed Jorgrun
 41728 | D:15     | Entered Level 15 of the Dungeon
 41884 | D:15     | Found a basalt altar of Yredelemnul.
 42066 | D:15     | Found a staircase to the Depths.
 43960 | Spider:1 | Entered Level 1 of the Spider Nest
 44808 | Spider:1 | Got a heavily runed leather armour
 44819 | Spider:1 | Identified the +1 leather armour of Osaeph {Str+3} (You
                  | found it on level 1 of the Spider Nest)
 45141 | Spider:1 | Noticed Louise
 45170 | Spider:1 | Killed Louise
 45170 | Spider:1 | Reached skill level 5 in Invocations
 45384 | Spider:1 | Noticed Agnes
 45395 | Spider:1 | Killed Agnes
 46525 | Spider:2 | Reached skill level 5 in Evocations
 47652 | Spider:2 | Noticed Roxanne
 48139 | Spider:3 | Reached skill level 15 in Dodging
 49082 | Shoals:1 | Entered Level 1 of the Shoals
 50622 | Shoals:2 | Reached XP level 18. HP: 94/120 MP: 29/29
 53420 | Shoals:3 | Identified the +8 flail of Absolution {crush, *Noise rF++
                  | Stlth+}
 53427 | Shoals:3 | Noticed Ilsuiw
 54220 | Shoals:4 | Entered Level 4 of the Shoals
 54750 | Shoals:3 | Killed Ilsuiw
 55017 | Shoals:4 | HP: 5/120 [poisoned by a sea snake]
 55018 | Shoals:4 | Succumbed to a sea snake's poison

Skill      XL: |  1  2  3  4  5  6  7  8  9 10 11 12 13 14 15 16 17 18 |
---------------+-------------------------------------------------------+-----
Fighting       | 2 3 4 5 6 8 10 | 10.0
Spellcasting   | 2 3 5 6 7 8 |  8.0
Dodging        | 3 4 5 7 8 9 10 11 14 15 | 15.0
Charms         | 4 5 7 10 | 10.0
Long Blades    | 3 4 5 7 8 11 12 13 14 | 14.0
Hexes          | 1 2 3 5 |  5.0
Slings         | 4 8 9 12 14 | 14.3
Translocations | 2 4 |  4.0
Armour         | 3 8 |  8.7
Invocations    | 3 5 |  5.0
Evocations     | 3 5 8 |  8.6

Action                   |  1- 3 |  4- 6 |  7- 9 | 10-12 | 13-15 | 16-18 || total
-------------------------+-------+-------+-------+-------+-------+-------++-------
Melee: Falchion          |    51 |       |       |   515 |   486 |       ||  1052
       Dagger            |    11 |   288 |   232 |   447 |       |       ||   978
       Long sword        |       |       |    35 |    76 |       |       ||   111
       Scimitar          |       |       |       |       |   374 |   981 ||  1355
 Fire: Hunting sling     |       |    22 |       |       |       |       ||    22
       Fustibalus        |       |       |    30 |   125 |   180 |   612 ||   947
Throw: Stone             |       |     1 |     1 |       |       |       ||     2
 Cast: Infusion          |     4 |       |       |       |       |       ||     4
       Shroud of Golubri |     2 |     6 |     1 |     5 |       |     7 ||    21
       Spectral Weapon   |       |     1 |    11 |    52 |    68 |    84 ||   216
       Regeneration      |       |     1 |       |     2 |    10 |     9 ||    22
       Blink             |       |       |       |     7 |     4 |    20 ||    31
Invok: Shadow Step       |       |       |       |       |     1 |     2 ||     3
       Shadow Form       |       |       |       |       |       |     2 ||     2
 Abil: End Transformatio |       |       |       |       |       |     1 ||     1
       Stop Flying       |       |       |       |       |       |     1 ||     1
       Evoke Flight      |       |       |       |       |       |     1 ||     1
Evoke: Wand              |       |       |       |     3 |    12 |    21 ||    36
       Lamp of fire      |       |       |       |       |     2 |     4 ||     6
       Box of beasts     |       |       |       |       |       |     3 ||     3
  Use: Scroll            |       |    10 |     3 |    11 |    13 |     6 ||    43
       Potion            |       |       |       |     1 |     4 |     1 ||     6
 Stab: Sleeping          |     1 |       |     3 |     4 |       |       ||     8
       Distracted        |       |       |     2 |     7 |     6 |     7 ||    22
       Confused          |       |       |       |     1 |       |       ||     1
       Paralysed         |       |       |       |       |     1 |       ||     1
       Invisible         |       |       |       |       |       |     2 ||     2
       Held in net/web   |       |       |       |       |       |     1 ||     1
  Eat: Chunk             |     1 |     9 |    13 |    43 |    33 |    32 ||   131
       Ration            |       |     1 |       |     3 |     5 |    10 ||    19
Armor: Leather armour    |    19 |    37 |    44 |    83 |       |       ||   183
       Skin              |       |       |       |    11 |       |       ||    11
       Ring mail         |       |       |       |    88 |   149 |   260 ||   497
       Chain mail        |       |       |       |       |       |    39 ||    39
Dodge: Dodged            |    43 |   202 |   234 |   838 |   675 |  1304 ||  3296
       Rpst.: Falchion   |    10 |       |       |   101 |    92 |       ||   203
       Long sword        |       |       |    11 |    26 |       |       ||    37
       Scimitar          |       |       |       |       |    73 |   287 ||   360
